AoeStats
← 1323nel

Arabia

510123802Analyzed
1v1 RM · 4d ago on Sep 29, 2026· 47m 48s· 2 players
Game mode
Random Map
Map size
Tiny (2 player)
Population
200
Speed
Normal
Resources
Standard
Victory
Conquest
Starting age
Dark Age
Ending age
Imperial Age
RankedLock teamsTeams togetherTeam positionsShared explorationLock speedFull tech treeHidden civsTurbo modeCheats
Victory
Defeat
🇺🇦 Franks · Ukraine
739
+17
🇿🇦 Franks · South Africa
752
-17
Vladislave
2:50 Loom
12:04 Feudal Age
14:04 Double-Bit Axe
14:54 Scale Barding Armor
15:00 Forging
21:04 Castle Age
26:12 Light Cavalry
26:54 Husbandry
31:00 Chain Barding Armor
33:29 Wheelbarrow
33:23 Town Watch
35:54 Forging
35:36 Fletching
35:47 Padded Archer Armor
36:38 Hand Cart
36:06 Elite Skirmisher
41:04 Imperial Age
41:34 Ballistics
44:16 Chemistry
43:15 Cavalier
44:32 Iron Casting
44:33 Plate Barding Armor
43:54 Bodkin Arrow
44:39 Town Patrol
46:53 Blast Furnace
46:09 Leather Archer Armor
1323nel
12:05 Feudal Age
12:42 Loom
15:26 Man-at-Arms
16:32 Scale Mail Armor
16:43 Forging
16:33 Arson
16:38 Double-Bit Axe
18:42 Wheelbarrow
19:18 Stone Mining
19:22 Gold Mining
24:12 Castle Age
25:38 Pikeman
26:19 Squires
26:05 Gambesons
26:58 Iron Casting
26:39 Chain Mail Armor
27:32 Bow Saw
28:02 Gold Shaft Mining
28:17 Hand Cart
28:40 Scale Barding Armor
32:58 Light Cavalry
33:39 Husbandry
35:12 Town Watch
37:05 Treadmill Crane
37:22 Murder Holes
40:22 Imperial Age
44:25 Chivalry
44:47 Conscription
45:23 Halberdier
47:41 Chemistry
Connection lost

Rejoining the realm…

Still unreachable

The connection could not be restored.

Session expired

The server has moved on; the page needs a fresh start.